 Dungeon Crawl Stone Soup version 0.19-a0-1120-g42b7146 (webtiles) character file.

3787 PurpleRed the Cleaver (level 10, -2/82 HPs)
             Began as a Human Berserker on Aug 11, 2016.
             Was an Elder of Trog.
             Killed from afar by Harold (20 damage)
             ... with a bolt of fire
             ... on level 10 of the Dungeon.
             The game lasted 00:34:57 (3682 turns).

PurpleRed the Cleaver (Human Berserker)             Turns: 3682, Time: 00:34:58

Health: -2/82      AC: 15    Str: 19    XL:     10   Next: 39%
Magic:  10/10      EV:  8    Int:  8    God:    Trog [****..]
Gold:   297        SH:  0    Dex: 14    Spells: 0 memorised, 9 levels left

rFire  . . .     SeeInvis .     G - +2 battleaxe (flame) (curse)
rCold  . . .     Gourm    .     f - +0 chain mail
rNeg   . . .     Faith    .     (shield currently unavailable)
rPois  .         Spirit   .     d - +1 helmet
rElec  .         Dismiss  .     t - +0 cloak
rCorr  +         Reflect  .     (no gloves)
SustAt .         Harm     .     I - +0 pair of boots
MR     .....                    v - amulet of rage
Stlth  ..........               s - ring of resist corrosion
                                k - +1 ring of protection

@: exhausted, about to teleport, slowed, very slow
A: no striking features
a: Berserk, Trog's Hand, Brothers in Arms, Burn Spellbooks, Renounce Religion,
Evoke Berserk Rage


You were on level 10 of the Dungeon.
You worshipped Trog.
Trog was greatly pleased with you.
You were hungry.

You visited 2 branches of the dungeon, and saw 11 of its levels.

You collected 297 gold pieces.

Inventory:

Hand Weapons
 r - a +0 halberd
 G - a cursed +2 battleaxe of flaming (weapon)
 L - a +3 battleaxe of freezing
Missiles
 e - 3 steel tomahawks
 E - 2 tomahawks (quivered)
Armour
 d - a +1 helmet (worn)
 f - a +0 chain mail (worn)
 t - a +0 cloak (worn)
 I - a +0 pair of boots (worn)
Jewellery
 k - a +1 ring of protection (left hand)
 n - an uncursed amulet of dismissal
 s - a ring of resist corrosion (right hand)
 v - an amulet of rage (around neck)
 F - an uncursed ring of protection from fire {unknown}
 K - an uncursed ring of stealth
Wands
 j - a wand of polymorph (4/24)
 q - a wand of flame (40/48)
 D - a wand of lightning (6/15)
Scrolls
 a - a scroll of recharging
 x - 2 scrolls of magic mapping
 y - a scroll of teleportation
Potions
 b - a potion of cure mutation {unknown}
 g - a potion of cancellation
 l - 3 potions of might
 m - 2 potions of lignification
 p - a potion of invisibility {unknown}
 u - a potion of mutation {unknown}
 B - a potion of agility {unknown}
 C - 2 potions of brilliance {unknown}
 J - a potion of resistance {unknown}
Books
 A - a book of Frost

   Spells                             Type                      Level
   a - Freeze                         Ice                          1
   b - Throw Frost                    Conjuration/Ice              2
   c - Ozocubu's Armour               Charms/Ice                   3
   d - Throw Icicle                   Conjuration/Ice              4
   e - Summon Ice Beast               Ice/Summoning                4
   Trog disapproves of the use of such an item.
 H - a book of Transfigurations

   Spells                             Type                      Level
   a - Irradiate                      Conjuration/Transmutation    5
   b - Statue Form                    Transmutation/Earth          6
   c - Hydra Form                     Transmutation                6
   d - Dragon Form                    Transmutation                7
   Trog disapproves of the use of such an item.
Comestibles
 c - 5 bread rations
 i - 8 fruits
 o - 4 beef jerkies
 w - 4 meat rations
 z - 4 chunks of flesh


   Skills:
 + Level 8.5 Fighting
 * Level 11.2 Axes
 - Level 5.0 Armour
 - Level 2.0 Dodging


You had 9 spell levels left.
You didn't know any spells.

Dungeon Overview and Level Annotations

Branches:
Dungeon (10/15)            Temple (1/1) D:4
   Lair: D:8-11         Orc: D:9-12

Altars:
Ashenzari
Cheibriados
Dithmenos
Elyvilon
Fedhas
Gozag
Hepliaklqana
Makhleb
Nemelex Xobeh
Okawaru
Pakellas
Qazlal
Ru
Sif Muna
Trog
Uskayaw
Vehumet
Xom
Yredelemnul
Zin
The Shining One

Shops:
D:4 (

Annotations:
D:6 Grinder
D:8 Psyche
D:10 Harold


Message History

As you read the scroll of teleportation, it crumbles to dust.
You feel strangely unstable. Something hits you but does no damage.
Harold gestures at you while chanting. The bolt of fire hits you!
* * * LOW HITPOINT WARNING * * *
You feel better.
Harold throws a throwing net.
The throwing net hits you.
You become entangled in the net!
Something hits you.
* * * LOW HITPOINT WARNING * * *
Harold casts a spell.
Harold blinks!
You feel better.
Your surroundings seem slightly different.
Harold gestures wildly while chanting.
Harold blinks!
Okay, then.
As you read the scroll of teleportation, it crumbles to dust.
You feel strangely unstable. Something hits you but does no damage.
Harold gestures at you while chanting. The bolt of fire hits you!
You die...

##### ####################
....# #..................#
....#
#..........ยง.......#
....###.........@........#
.........................#
.....>..########.........#
........# #...@...(.#
........# #.........#
........# #.....#####
........# ##...##
.......... #...#
........... #...#


You could see Harold.

Vanquished Creatures
  A two-headed ogre (D:8)
  2 wyverns
  Eustachio (D:4)
  5 yaks (D:9)
  A hungry ghost (D:7)
  A water moccasin (D:9)
  A necrophage (D:9)
  A sky beast (D:8)
  2 ogres
  A phantom (D:9)
  2 centaurs
  A scorpion (D:4)
  A jelly (D:8)
  8 wights (D:7)
  A centaur zombie (D:9)
  2 quasits
  3 orc priests
  7 hounds
  8 orc wizards
  2 centaur skeletons
  3 iguanas
  Terence (D:2)
  7 worker ants
  A hound skeleton (D:4)
  7 gnolls
  8 adders
  2 oozes
  An adder zombie (D:5)
  An adder skeleton (D:8)
  2 dart slugs (D:2)
  3 giant geckos
  32 orcs
  A ball python (D:6)
  3 giant cockroaches
  2 goblins
  2 hobgoblins (D:3)
  8 jackals
  3 kobolds
  3 quokkas
  A giant cockroach zombie (D:6)
  4 giant newts
  3 rats
149 creatures vanquished.

Notes
Turn   | Place    | Note
-------+----------+-------------------------------------------
     0 | D:1      | PurpleRed the Human Berserker began the quest for the Orb.
     0 | D:1      | Reached XP level 1. HP: 18/18 MP: 1/1
    41 | D:2      | Noticed Terence
    49 | D:2      | Killed Terence
    49 | D:2      | Reached XP level 2. HP: 18/24 MP: 2/2
    49 | D:2      | Reached XP level 3. HP: 22/29 MP: 3/3
   127 | D:2      | Reached skill level 4 in Axes
   168 | D:2      | Reached XP level 4. HP: 35/35 MP: 4/4
   287 | D:3      | Found an iron altar of Okawaru.
   347 | D:3      | Reached XP level 5. HP: 42/42 MP: 5/5
   442 | D:3      | Found an oddly glowing altar of Pakellas.
   514 | D:2      | Reached ** piety under Trog
   725 | D:4      | Reached skill level 5 in Axes
   725 | D:4      | Reached XP level 6. HP: 47/48 MP: 6/6
   782 | D:4      | Noticed Eustachio
   978 | D:4      | Killed Eustachio
   978 | D:4      | Reached skill level 5 in Fighting
   978 | D:4      | Reached XP level 7. HP: 32/56 MP: 7/7
   982 | D:4      | Noticed a wyvern
  1032 | D:4      | Killed a wyvern
  1032 | D:4      | Reached skill level 6 in Axes
  1102 | D:5      | Entered Level 5 of the Dungeon
  1229 | D:4      | Reached XP level 8. HP: 63/63 MP: 8/8
  1283 | D:4      | Found Xodielio's Antique Weapon Emporium.
  1399 | D:4      | Found a staircase to the Ecumenical Temple.
  1462 | Temple   | Entered the Ecumenical Temple
  1585 | D:5      | Reached *** piety under Trog
  1632 | D:4      | Reached skill level 7 in Axes
  1792 | D:6      | Noticed Grinder
  2090 | D:6      | Noticed a seven-headed hydra
  2277 | D:5      | Reached skill level 8 in Axes
  2494 | D:7      | Found a hazy altar of Hepliaklqana.
  2555 | D:7      | Reached XP level 9. HP: 53/69 MP: 9/9
  2557 | D:7      | Reached skill level 5 in Armour
  2808 | D:7      | Reached skill level 9 in Axes
  2854 | D:8      | Noticed a two-headed ogre
  2858 | D:8      | Killed a two-headed ogre
  2947 | D:8      | Reached **** piety under Trog
  2959 | D:8      | Found a hide-covered altar of Uskayaw.
  2978 | D:8      | Noticed Psyche
  3114 | D:8      | Found an opulent altar of Gozag.
  3190 | D:8      | Found a sparkling altar of Nemelex Xobeh.
  3340 | D:7      | Reached skill level 10 in Axes
  3451 | D:9      | Reached XP level 10. HP: 74/80 MP: 10/10
  3519 | D:9      | Reached skill level 11 in Axes
  3606 | D:10     | Entered Level 10 of the Dungeon
  3664 | D:10     | Noticed Harold
  3679 | D:10     | HP: 2/82 [Harold/bolt of fire (27)]
  3682 | D:10     | Killed from afar by Harold

Vault maps used:
D:1:      dpeg_arrival_shrine, minmay_misc_feat_iff
D:2:      uniq_terence
D:3:      lemuel_crystal_altar, johnstein_pakellas_death_squad
D:4:      serial_shops, shop, first_bread, uniq_eustachio
D:5:      serial_curves, eino_curves_02, eino_curves_03
D:6:      kennysheep_windowed_halls, uniq_grinder, uniq_pikel
D:7:      basic_altar, the_bakery
D:8:      eat_drink_and_be_merry_uskayaw, lemuel_doored_altar,
          nemelex_xobeh_ov_fountains_minmay, uniq_psyche
D:9:      serial_shops, shop, minmay_statues_item
D:10:     lemuel_ice_spiral_2, minmay_orc_entry_temple_small,
          small_statue_alley_a, grunt_ministairs_6,
          fedhas_bush_and_centaur_altar, uniq_harold
Temple:   eino_narrow_crystal_temple

Skill      XL: |  1  2  3  4  5  6  7  8  9 10 |
---------------+-------------------------------+-----
Axes           | 4 5 6 8 10 11 | 11.2
Fighting       | 4 5 6 7 8 |  8.5
Armour         | 3 4 5 |  5.0
Dodging        | |  2.0

Action                   |  1- 3 |  4- 6 |  7- 9 | 10-12 || total
-------------------------+-------+-------+-------+-------++-------
Melee: Hand axe          |    43 |   107 |    65 |       ||   215
       War axe           |       |       |   146 |       ||   146
       Battleaxe         |       |       |   100 |    34 ||   134
Invok: Berserk           |     3 |     8 |    16 |     2 ||    29
       Trog's Hand       |       |     1 |     5 |       ||     6
Evoke: Wand              |       |     4 |     1 |       ||     5
  Use: Scroll            |       |     2 |    18 |     3 ||    23
       Potion            |       |       |     3 |     2 ||     5
  Eat: Chunk             |       |    11 |    25 |     1 ||    37
       Royal jelly       |       |       |     2 |       ||     2
       Fruit             |       |       |     1 |       ||     1
       Pizza             |       |       |     1 |       ||     1
Armor: Chain mail        |    13 |   113 |   259 |    33 ||   418
Dodge: Dodged            |    25 |    81 |   128 |    14 ||   248
